 Dungeon Crawl Stone Soup version 0.31.0-11-ge490571c62 (webtiles) character file.

Game seed: 14788728759165318638

105 Rassilon the Trooper (level 4, -1/38 HPs)
             Began as a Demonspawn Monk on Feb 1, 2024.
             Killed from afar by Natasha (4 damage)
             ... with a magic dart
             ... on level 2 of the Dungeon.
             The game lasted 00:07:30 (1565 turns).

Rassilon the Trooper (Demonspawn Monk)              Turns: 1565, Time: 00:07:31

Health: -1/38      AC:  3    Str: 19    XL:     4   Next: 53%
Magic:  4/4        EV: 13    Int: 11    God:
Gold:   38         SH:  0    Dex: 15    Spells: 1/3 levels left

rFire   . .          .
                       - Unarmed
rCold   . . .        (no shield)
rNeg    . . .        a - +0 robe
rPois   .            (no helmet)
rElec   .            (no cloak)
rCorr   .            (no gloves)
SInv    .            (no boots)
Will    .....        (no amulet)
Stlth   +            f - +6 ring of strength
HPRegen 0.26/turn    (no ring)
MPRegen 0.09/turn

%: no passive effects
@: no status effects
A: rugged brown scales 1, ignite blood 1
a: no special abilities


You were on level 2 of the Dungeon.
You visited 1 branch of the dungeon, and saw 2 of its levels.

You collected 38 gold pieces.

Inventory:

Armour
 a - a +0 robe (worn)
Jewellery
 f - a +6 ring of strength (left hand)
Wands
 i - a wand of roots (6)
Scrolls
 d - 3 scrolls of identify {unknown}
 e - 2 scrolls of fog {unknown}
 j - a scroll of teleportation {unknown}
Potions
 b - 2 potions of lignification {unknown}
 g - a potion of attraction {unknown}
 h - a potion of enlightenment {unknown}


   Skills:
 + Level 4.0 Fighting
 + Level 3.5 Dodging
 + Level 3.5 Unarmed Combat


You had one spell level left.
You knew the following spells:

 Your Spells              Type           Power      Damage    Failure   Level
a - Blink                 Tloc           0%         N/A       47%         2

Your spell library contained the following spells:

 Spells                   Type           Power      Damage    Failure   Level
 Magic Dart               Conj           0%         1d3       34%         1
 Call Imp                 Summ           0%         N/A       47%         2


Dungeon Overview and Level Annotations

Branches:
Dungeon (2/15)

Altars:

Annotations:
D:2 Natasha


Innate Abilities, Weirdness & Mutations

You are partially covered in rugged brown scales. (AC +1, +3% HP)
Your demonic aura sometimes causes spilled blood to erupt in flames.


Message History

You are even more entangled.
The cerulean imp hits you from afar with a +1 spear.
Unknown command.
The web tears apart.
Natasha mumbles some strange words.
The ribbon worm expels a string of sticky webbing.
The stream of webbing hits you but does no damage.
You are caught in a web!
The cerulean imp barely misses you.
The web tears apart.
Natasha stares at you and mumbles some strange words.
You resist with some effort.
The cerulean imp hits you but does no damage.
The cerulean imp closely misses you. The cerulean imp closely misses you.
The cerulean imp barely misses you.
Natasha mumbles some strange words.
Natasha glows brightly for a moment.
Natasha attacks as she pursues you! Natasha claws you!
* * * LOW HITPOINT WARNING * * *
The cerulean imp attacks as it pursues you!
The cerulean imp completely misses you.
You feel better. The cerulean imp barely misses you. Natasha claws you!
* * * LOW HITPOINT WARNING * * *
You hit Natasha.
Natasha is lightly wounded.
The cerulean imp hits you but does no damage.
Natasha wildly gestures.
You feel disoriented. Natasha claws you.
* * * LOW HITPOINT WARNING * * *
You feel better. The cerulean imp misses you. Natasha claws you.
* * * LOW HITPOINT WARNING * * *
You hit Natasha.
Natasha is heavily wounded.
The cerulean imp hits you from afar with a +1 spear.
* * * LOW HITPOINT WARNING * * *
Natasha casts a spell at you. The magic dart hits you.
You die...
Natasha begins licking her fur clean.

#.####### ..#
#.......#
##..# ###
#######.#
#...### ...
#.# #.#...
... #.#
#...#.##..
.## #.#
#5...w...#
#.#
#5#.#.####
#.# #h#.5.
#.#####@###.#
#.......# .#
######### #


You could see Natasha and 2 cerulean imps.

Vanquished Creatures
  Natasha (twice) (D:2)
  2 adders (D:2)
  3 dart slugs
  4 ball pythons
  6 bats
  2 endoplasms (D:1)
  4 hobgoblins
  2 frilled lizards (D:2)
  9 kobolds
  2 rats
36 creatures vanquished.

Notes
Turn   | Place    | Note
-------+----------+-------------------------------------------
     0 | D:1      | Rassilon the Demonspawn Monk began the quest for the Orb.
     0 | D:1      | Reached XP level 1. HP: 18/18 MP: 1/1
   180 | D:1      | Gained mutation: You are partially covered in rugged brown
                  | scales. (AC +1, +3% HP) [demonic ancestry]
   180 | D:1      | Reached XP level 2. HP: 18/24 MP: 2/2
   935 | D:2      | Reached XP level 3. HP: 24/29 MP: 3/3
  1004 | D:2      | Learned a level 2 spell: Blink
  1176 | D:2      | Noticed Natasha
  1192 | D:2      | Killed Natasha
  1193 | D:2      | Gained mutation: Your demonic aura sometimes causes spilled
                  | blood to erupt in flames. [demonic ancestry]
  1193 | D:2      | Reached XP level 4. HP: 16/38 MP: 4/4
  1417 | D:2      | Noticed Natasha
  1431 | D:2      | Killed Natasha
  1551 | D:2      | Noticed Natasha
  1553 | D:2      | Reached skill level 4 in Fighting
  1565 | D:2      | Killed from afar by Natasha

Illustrated notes

Levels and vault maps discovered:
D:1:      sevenhm_arrival_forest_fort_small_4, layout_basic
D:2:      layout_loops_ring, uniq_natasha

Skill      XL: |  1  2  3  4 |
---------------+-------------+-----
Dodging        | 3 |  3.5
Unarmed Combat | 3 |  3.5
Fighting       | 4 |  4.0

Action                     |  1- 3 |  4- 6 || total
---------------------------+-------+-------++-------
  Melee: Unarmed           |    92 |    29 ||   121
         Punch             |     1 |       ||     1
    Use: Potion            |     2 |     2 ||     4
   Stab: Sleeping          |     1 |       ||     1
 Armour: Robe              |    44 |    25 ||    69
  Dodge: Dodged            |    53 |    32 ||    85
